 Dungeon Crawl Stone Soup version 0.29-a0-271-gd4eb659eea (webtiles) character file.

Game seed: 10708968442244264534

96 Hasart the Shooter (level 4, -3/37 HPs)
             Began as a Demigod Hunter on Mar 2, 2022.
             Succumbed to a scorpion's poison
             ... on level 3 of the Dungeon on Mar 9, 2022.
             The game lasted 00:04:07 (1653 turns).

Hasart the Shooter (Demigod Hunter)                 Turns: 1653, Time: 00:04:08

Health: -3/37      AC:  3    Str: 13    XL:     4   Next: 18%
Magic:  6/6        EV: 12    Int: 13    God:
Gold:   132        SH:  0    Dex: 18    Spells: 3/3 levels left

rFire   . . .      SeeInvis .   a - +1 shortbow
rCold   . . .      Faith    .   (shield currently unavailable)
rNeg    . . .      Spirit   .   b - +0 leather armour
rPois   .          Reflect  .   (no helmet)
rElec   .          Harm     .   (no cloak)
rCorr   .          Rampage  .   (no gloves)
Will    .....                   (no boots)
Stlth   ++........              (no amulet)
HPRegen 0.12/turn               (no ring)
MPRegen 0.10/turn               (no ring)

@: lethally poisoned (-3 -> -20)
A: high MP 1, forlorn, divine attributes
a: no special abilities


You were on level 3 of the Dungeon.
You visited 1 branch of the dungeon, and saw 3 of its levels.

You collected 132 gold pieces.

Inventory:

Hand Weapons
 a - a +1 shortbow (weapon)
Armour
 b - a +0 leather armour (worn)
Scrolls
 d - a scroll of brand weapon {unknown}
 e - a scroll of enchant armour {unknown}
 f - a scroll of identify {unknown}
 k - a scroll of immolation {unknown}
 l - a scroll of enchant weapon {unknown}
 m - a scroll of silence {unknown}
 n - a scroll of fear {unknown}
Potions
 c - a potion of brilliance {unknown}
 g - a potion of heal wounds {unknown}
 h - 4 potions of curing {unknown}
 i - a potion of resistance {unknown}
 j - a potion of berserk rage {unknown}


   Skills:
 + Level 2.4 Fighting
 * Level 4.4 Bows
 + Level 2.4 Dodging
 + Level 2.0 Stealth


You had 3 spell levels left.
You didn't know any spells.
Your spell library was empty.

Dungeon Overview and Level Annotations

Branches:
Dungeon (3/15)


Innate Abilities, Weirdness & Mutations

You have an increased reservoir of magic. (+10% MP)
You shall have no god before yourself.
Your divine heritage dramatically boosts your attributes as you level up.


Message History

You open the door.
A scorpion, a kobold, a bat and 2 goblins come into view.
Found seven items.
There are monsters nearby!
You shoot an arrow. The arrow hits the scorpion.
The scorpion is moderately wounded.
The kobold shouts!
You shoot an arrow. The arrow hits the bat.
You kill the bat!
The goblin misses you.
You shoot an arrow. The arrow hits the goblin.
The goblin is moderately wounded.
The goblin closely misses you.
You shoot an arrow. The arrow hits the goblin!
You kill the goblin!
The scorpion stings you!
You shoot an arrow. The arrow hits the scorpion!
The scorpion is severely wounded.
The scorpion stings you.
You are poisoned.
The scorpion poisons you! The scorpion stings you!
You are lethally poisoned!
The scorpion poisons you!
Shoot: a) +1 shortbow
Press: ? - help, Q - select action Shift-Dir - straight line, f/p - scorpion
Aim: a scorpion (severely wounded, 65% to hit)
You shoot an arrow. The arrow hits the scorpion.
The scorpion is almost dead.
* * * LOW HITPOINT WARNING * * *
You feel extremely sick. The scorpion stings you!
* * * LOW HITPOINT WARNING * * *
Unknown command.
Unknown command.
Shoot: a) +1 shortbow
Press: ? - help, Q - select action Shift-Dir - straight line, f/p - scorpion
Aim: a scorpion (almost dead, 65% to hit)
You shoot an arrow. The arrow hits the scorpion.
You kill the scorpion!
You die...

#..........<...## #......
#............#..## #......
#.)....).........## #......
#######.<รท........####..###......
....(##.)........## ##..##......
####.............# #..##......
#.#............# #....>.....
###..............## ####...###.
................@.# ##......
#....#.##.......#)# #.#####
#.#..#.##......##g?[ ### ##.#####
.......##......# ....#.#+#......#
###.....#......# ...!#..........#
#.....#.#......# .(?[#..........#
#.#...#........##.).##...........
#....###........#####.###########
###### #.............#####


You could see a goblin.

Vanquished Creatures
  A scorpion (D:3)
  An iguana (D:3)
  An adder (D:2)
  3 worms
  2 dart slugs
  A ball python (D:2)
  4 endoplasms
  2 giant cockroaches
  11 goblins
  4 hobgoblins
  4 kobolds
  4 quokkas
  4 bats
  3 frilled lizards
  A rat (D:2)
46 creatures vanquished.

Notes
Turn   | Place    | Note
-------+----------+-------------------------------------------
     0 | D:1      | Hasart the Demigod Hunter began the quest for the Orb.
     0 | D:1      | Reached XP level 1. HP: 17/17 MP: 3/3
    45 | D:1      | Reached skill level 1 in Stealth
   270 | D:1      | Reached XP level 2. HP: 24/24 MP: 4/4
   724 | D:2      | Upgraded the game from 0.29-a0-234-g0dae59b3db to
                  | 0.29-a0-271-gd4eb659eea
   750 | D:2      | Reached skill level 4 in Bows
   867 | D:2      | Reached XP level 3. HP: 29/29 MP: 5/5
  1405 | D:3      | Reached XP level 4. HP: 25/37 MP: 6/6
  1653 | D:3      | Succumbed to a scorpion's poison

Illustrated notes

Levels and vault maps discovered:
D:1:      dpeg_arrival_rhombi, layout_basic
D:2:      layout_basic, shapermc_ecumenical_altar_acropolis
D:3:      layout_basic, general_overflow_altar, minmay_joined_circles

Skill      XL: |  1  2  3  4 |
---------------+-------------+-----
Stealth        | 1 2 |  2.0
Fighting       | 2 |  2.4
Dodging        | 2 |  2.4
Bows           | 4 |  4.4

Action                   |  1- 3 |  4- 6 || total
-------------------------+-------+-------++-------
 Fire: Shortbow          |    81 |    22 ||   103
Armor: Leather armour    |     5 |     3 ||     8
Dodge: Dodged            |    11 |     5 ||    16

Table legend: (Time is in decaauts)
 A = Elapsed time spent in this place.
 B = Non-inter-level travel time spent in this place.
 C = Inter-level travel time spent in this place.
 D = Time resting spent in this place.
 E = Time spent auto-exploring this place.
 F = Levels seen in this place.
 G = Mean time per level.
                   A        B        C        D        E       F      G
               +--------+--------+--------+--------+--------+-----+--------+
         Total |   1687 |   1631 |     56 |      0 |   1389 |   3 |  562.3 |
       Dungeon |   1687 |   1631 |     56 |      0 |   1389 |   3 |  562.3 |
               +--------+--------+--------+--------+--------+-----+--------+

Top non-repeatable levels by time:
     D:2: 758 daAuts
     D:1: 664 daAuts
     D:3: 265 daAuts
